 Dungeon Crawl Stone Soup version 0.21.1-1-g345015f (webtiles) character file.

354 infcreate the Chopper (level 6, -13/79 HPs)
             Began as a Minotaur Fighter on June 3, 2018.
             Was an Initiate of Trog.
             Mangled by a moth of wrath (22 damage)
             ... on level 3 of the Dungeon.
             The game lasted 00:11:12 (2331 turns).

infcreate the Chopper (Minotaur Fighter)            Turns: 2331, Time: 00:11:13

Health: -13/79     AC:  7    Str: 27    XL:     6   Next: 35%
Magic:  5/5        EV:  8    Int:  5    God:    Trog [......]
Gold:   108        SH: 10    Dex: 10    Spells: 5/5 levels left

rFire    . . .     SeeInvis .   a - +0 war axe
rCold    . . .     Gourm    .   c - +0 shield
rNeg     . . .     Faith    .   b - +0 scale mail
rPois    .         Spirit   .   (helmet restricted)
rElec    .         Reflect  .   (no cloak)
rCorr    .         Harm     .   (no gloves)
MR       .....                  (no boots)
Stlth    ..........             (no amulet)
HPRegen  0.23/turn              (no ring)
MPRegen  0.09/turn              (no ring)

@: berserking, very quick
A: retaliatory headbutt, horns 2
a: Burn Spellbooks, Renounce Religion


You were on level 3 of the Dungeon.
You worshipped Trog.
Trog was noncommittal.
You were not hungry.

You visited 1 branch of the dungeon, and saw 3 of its levels.
You also visited: Sewer.

You collected 108 gold pieces.

Inventory:

Hand Weapons
 a - a +0 war axe (weapon)
Armour
 b - a +0 scale mail (worn)
 c - a +0 shield (worn)
Jewellery
 e - an uncursed ring of see invisible {unknown}
Wands
 o - a wand of digging (5)
Scrolls
 j - a scroll of enchant weapon
 k - a scroll of blinking
 l - a scroll of teleportation {unknown}
 m - a scroll of remove curse {unknown}
 n - 2 scrolls of immolation
 q - a scroll of fog {unknown}
Potions
 d - a potion of might
 h - 3 potions of curing {unknown}
 i - 2 potions of haste {unknown}
 p - 2 potions of degeneration {unknown}
Comestibles
 f - 9 rations


   Skills:
 + Level 4.7 Fighting
 + Level 5.5 Axes
 + Level 5.0 Armour
 + Level 5.3 Shields


You had 5 spell levels left.
You didn't know any spells.

Dungeon Overview and Level Annotations

Branches:
Dungeon (3/15)

Altars:
Cheibriados
Elyvilon
Fedhas
Okawaru
Trog
The Shining One


Innate Abilities, Weirdness & Mutations

You reflexively headbutt those who attack you in melee.
You have a pair of horns on your head.


Message History

The moth of wrath is lightly wounded.
The moth of wrath bites you!! You block the moth of wrath's attack.
You closely miss the moth of wrath. You headbutt the moth of wrath!
The moth of wrath is heavily wounded.
You block the moth of wrath's attack.
You slash the moth of wrath!
The moth of wrath is severely wounded.
You block the moth of wrath's attack. The moth of wrath bites you!
You hit the moth of wrath.
The moth of wrath is severely wounded.
The moth of wrath bites you!
* * * LOW HITPOINT WARNING * * *
The moth of wrath infuriates you!
A red film seems to cover your vision as you go berserk!
You feel yourself moving faster!
You feel mighty!
Your scale mail prevents you from hitting the moth of wrath.
Your headbutt misses the moth of wrath.
The moth of wrath is severely wounded.
The moth of wrath bites you!!
You die...

#.....#,,,*,,,,,,,,#.###....##
#.....#######******#.# #....#
#.....##....########.# ##...#
###.###.......##...#.# #...#
###.##.........##..#.####...#
#.#.##....#....##...........##
#...##...###...)#......##.#..#
#.#.........._.)#..†...##.....
####.####.††###y@..#......#####..
#..#.# #....#...)##......# #..
#..#.# #........)####....# #..
...#.# ###.......### #....# #.>
##.#.# #.##....###.###....# ##.
#.#.# #.########.........# #.
#.#.# #.# #...###..÷..# #.
#.#.###.######...# #.#.### #.
#.#.........<##### #.#.# #.


You could see a moth of wrath.

Vanquished Creatures
  The ghost of Pawles22 the Ruffian, an amateur MiMo (D:3)
  A bullfrog (Sewer)
  An orc wizard (D:3)
  2 adders
  3 gnolls (D:3)
  An ooze (D:2)
  A worm (D:2)
  3 dart slugs
  5 leopard geckos
  5 orcs (D:3)
  16 giant cockroaches
  6 hobgoblins
  3 jackals (D:1)
  3 ball pythons (Sewer)
  6 bats
  14 frilled lizards
  9 goblins
  15 kobolds
  15 rats
110 creatures vanquished.

Notes
Turn   | Place    | Note
-------+----------+-------------------------------------------
     0 | D:1      | infcreate the Minotaur Fighter began the quest for the Orb.
     0 | D:1      | Reached XP level 1. HP: 19/19 MP: 0/0
   275 | D:1      | Reached XP level 2. HP: 27/27 MP: 1/1
   322 | D:1      | Found an iron altar of Okawaru.
   440 | D:1      | Reached XP level 3. HP: 27/33 MP: 2/2
  1059 | D:2      | Reached XP level 4. HP: 40/40 MP: 3/3
  1400 | D:3      | Found a glowing drain.
  1404 | Sewer    | Entered a sewer
  1646 | Sewer    | Noticed a bullfrog
  1650 | Sewer    | Killed a bullfrog
  1650 | Sewer    | Reached XP level 5. HP: 36/47 MP: 4/4
  1704 | D:3      | Found a white marble altar of Elyvilon.
  1743 | D:3      | Found a snail-covered altar of Cheibriados.
  1796 | D:3      | Noticed Pawles22's ghost (amateur MiMo)
  1813 | D:3      | Killed Pawles22's ghost
  1813 | D:3      | Reached skill level 5 in Axes
  1813 | D:3      | Reached skill level 5 in Shields
  1813 | D:3      | Reached XP level 6. HP: 41/53 MP: 5/5
  2038 | D:3      | Reached skill level 5 in Armour
  2059 | D:3      | Found a glowing golden altar of the Shining One.
  2060 | D:3      | Found a blossoming altar of Fedhas.
  2303 | D:3      | Noticed a moth of wrath
  2306 | D:3      | Found a bloodstained altar of Trog.
  2323 | D:3      | Became a worshipper of Trog the Wrathful
  2331 | D:3      | Mangled by a moth of wrath

Skill      XL: |  1  2  3  4  5  6 |
---------------+-------------------+-----
Armour         | 4 5 |  5.0
Fighting       | 4 |  4.7
Axes           | 3 4 5 |  5.5
Shields        | 4 5 |  5.3

Action                   |  1- 3 |  4- 6 || total
-------------------------+-------+-------++-------
Melee: War axe           |   105 |   164 ||   269
       Headbutt          |    13 |    23 ||    36
Evoke: Wand              |       |     1 ||     1
  Use: Scroll            |       |     4 ||     4
  Eat: Chunk             |     1 |     4 ||     5
Armor: Scale mail        |    52 |    61 ||   113
Dodge: Dodged            |    33 |    41 ||    74
Block: Shield            |    55 |    86 ||   141
